Unix NetHack Version 5.0.0-0 post-release - last build May  4 2026 22:22:43 (774f63e81ad911689b3a0859ea89b322d5daca8d,branch:main).

Game began 2026-05-05 02:46:19, ended 2026-05-05 02:53:23.

Eesui, chaotic male human Rogue

  -----------
  |..........#                                    -----      --------------
  |.........|#                                   #..`{|      |............|
  |.........|#                                 ###|...|      |............|
  ----.------#                     ---------   #  --.--   ###.<...........|
      #      #                #a###.:.x.r.F|   #    #     #  |............|
      #      ##               @    |.od.:.F|  ##    #     #  --------.-----
      #       #              ##    |$....F..###     ##  ###         ##
      ###    ####            #     ---------        ##  #           #
   -----|--    ##            #                      0#  #          ##
   |......|    #########     #                      ##  #       ####
   |:......##### ------.---- #                      ### #    ---|---
   |.`....|    ##|....>....| #                     -.-|-#    |....[|
   --------    ##..........| #                     |...|#    |[[[[.|
                 |{.........##                     |...|#    |[..[[|
                 |.........|                       |...|#    -------
                 |.........|                       |...-#
                 -----------                       -----

Eesui the Cutpurse      St:15 Dx:18 Co:12 In:10 Wi:12 Ch:9  Chaotic
Dlvl:2  $:81 HP:0(28) Pw:6(6) AC:6  Xp:3/52 T:1191 

Latest messages:
 v - an uncursed elven dagger named Sting (alternate weapon; not wielded).
 What do you want to wield? [- abgv or ?*]
 b - a +0 dagger (weapon in right hand).
 v - an uncursed elven dagger named Sting (weapon in right hand).
 b - a +0 dagger (alternate weapon; not wielded).
 You begin two-weapon combat.
 With great effort you move the boulder.
 You try to move the boulder, but in vain.
 You swap places with your kitten.
 You hit the newt.
 You miss the newt.
 The kitten bites the newt.
 The newt is killed!
 #
 You descend the stairs.
 Where do you want to travel to?
 (For instructions type a '?')
 You hear someone counting gold coins.
 You hear water falling on coins.
 The statue comes to life!
 The giant ant bites!
 The giant ant bites!
 The giant ant bites!
 The giant ant bites!
 The giant ant just misses!
 In what direction?
 The dagger hits the giant ant.
 The giant ant bites!
 In what direction?
 The dagger misses the giant ant.
 The giant ant bites!
 In what direction?
 The dagger hits the giant ant.
 The giant ant bites!
 The giant ant bites!
 In what direction?
 The dagger misses the giant ant.
 The giant ant misses!
 The giant ant bites!
 In what direction?
 The dagger hits the giant ant.
 The giant ant bites!
 It misses the giant ant.
 The giant ant bites!
 You die...
 Do you want your possessions identified? [ynq] (y)
 Do you want to see your attributes? [ynq] (y)
 Do you want an account of creatures vanquished? [ynaq] (y)
 Do you want to see your conduct and achievements? [ynq] (y)
 Do you want to see the dungeon overview? [ynq] (y)

Inventory:
 Coins    ('$')
  $ - 81 gold pieces
 Weapons  (')')
  b - a +0 dagger (wielded in left hand)
  g - 2 +0 daggers (at the ready)
  v - the +0 Sting (wielded in right hand)
  a - a +0 short sword
 Armor    ('[')
  o - an uncursed +0 alchemy smock with text "Gehennom's Kitchen" (being worn)
  c - an uncursed +1 leather armor (being worn)
 Comestibles  ('%')
  z - an uncursed food ration
 Scrolls  ('?')
  m - a cursed scroll of confuse monster
  r - an uncursed scroll of fire
  u - an uncursed scroll of magic mapping
 Spellbooks  ('+')
  h - an uncursed spellbook of slow monster
  i - an uncursed spellbook of slow monster
 Potions  ('!')
  A - an uncursed potion of fruit juice
  x - an uncursed potion of gain ability
  k - 3 uncursed potions of healing
  j - 2 cursed potions of healing
  n - an uncursed potion of polymorph
  d - an uncursed potion of sickness
  B - an uncursed potion of water
 Rings    ('=')
  l - an uncursed ring of see invisible
 Wands    ('/')
  y - a wand of locking (0:6)
  t - a wand of speed monster (0:4)
 Tools    ('(')
  f - an empty uncursed sack
  e - an uncursed lock pick
 Gems/Stones  ('*')
  s - an uncursed worthless piece of white glass
  w - 2 uncursed flint stones

Eesui the Rogue's attributes:

Background:
 You were a Cutpurse, a level 3 male human Rogue.
 You were chaotic, on a mission for Kos
 who was opposed by Issek (lawful) and Mog (neutral).
 You were right-handed.
 You were in the Dungeons of Doom, on level 2.
 You entered the dungeon 1191 turns ago.
 It was nighttime.
 You had 52 experience points, 28 more were needed to attain level 4.

Basics:
 You had 0 out of 28 hit points.
 You had all 6 energy points (spell power).
 Your armor class was 6.
 Your wallet contained 81 zorkmids.
 Autopickup was on for '$?!/=+"' plus thrown.

Final Characteristics:
 Your strength was 15 (limit:18/100).
 Your dexterity was 18 (limit:18).
 Your constitution was 12 (limit:18).
 Your intelligence was 10 (limit:18).
 Your wisdom was 12 (limit:18).
 Your charisma was 9 (limit:18).

Final Status:
 You weren't hungry.
 You were unencumbered.
 You were wielding two weapons at once.
 Your skill in dagger was limited by being unskilled with two weapons.

Final Attributes:
 You were devoutly aligned.
 You were poison resistant.
 You were acid resistant.
 Your items were protected from acid.
 You were aware of the presence of orcs.
 You were stealthy.
 You were warded.
 You are dead.

Miscellaneous:
 You didn't encounter any bones levels.
 Total elapsed playing time was 7 minutes and 4 seconds.

Major events:
 Turn
    1: Eesui the chaotic male human Rogue entered the dungeon
 1012: attained the rank of Cutpurse (level 3)
 1101: chose an elven dagger to be named "Sting"
 1191: killed by a giant ant

Spells:
 Name                 Level Category     Fail Retention
 slow monster           2   enchantment  100%  76%-100%

Skills:
 Fighting Skills
   bare handed combat [Unskilled]
   two weapon combat  [Unskilled]
   riding             [Unskilled]
 Weapon Skills
   dagger             [Basic]
   knife              [Unskilled]
   short sword        [Basic]
   broadsword         [Unskilled]
   long sword         [Unskilled]
   two-handed sword   [Unskilled]
   saber              [Unskilled]
   club               [Unskilled]
   mace               [Unskilled]
   morning star       [Unskilled]
   flail              [Unskilled]
   hammer             [Unskilled]
   polearms           [Unskilled]
   spear              [Unskilled]
   crossbow           [Unskilled]
   dart               [Unskilled]
   shuriken           [Unskilled]
 Spellcasting Skills
   divination spells  [Unskilled]
   escape spells      [Unskilled]
   matter spells      [Unskilled]

Voluntary challenges:
 Character rerolling was not enabled.
 You never genocided any monsters.
 You never polymorphed an object.
 You never changed form.
 You used no wishes.
Achievements:
 You entered a shop.
 You attained the rank of Cutpurse.

 The Dungeons of Doom: levels 1 to 3
    Level 1:
       An altar.
    Level 2: <- You were here.
       An armor shop, some fountains.
       Final resting place for
          you, killed by a giant ant.
    Level 3:
       Some fountains.


Vanquished creatures:
 an iron piercer
  a hobbit
  a gnome zombie
  5 jackals
  2 foxes
  a goblin
  4 sewer rats
  2 grid bugs
  2 newts
19 creatures vanquished.

No species were genocided or became extinct.

Game over:
                       ----------
                      /          \
                     /    REST    \
                    /      IN      \
                   /     PEACE      \
                  /                  \
                  |      Eesui       |
                  |      81 Au       |
                  |   killed by a    |
                  |    giant ant     |
                  |                  |
                  |                  |
                  |       2026       |
                 *|     *  *  *      | *
        _________)/\\_//(\/(/\)/\//\/|_)_______

Goodbye Eesui the Rogue...

You died in The Dungeons of Doom on dungeon level 2 with 381 points,
and 81 pieces of gold, after 1191 moves.
You were level 3 with a maximum of 28 hit points when you died.

